 Dungeon Crawl Stone Soup version 0.18-a0-1784-ga939a68 (webtiles) character file.

248 M4edhros the Insei (level 6, -9/32 HPs)
             Began as an Octopode Necromancer on Apr 18, 2016.
             Mangled by an orc warrior
             ... wielding a +0 hand axe
              (16 damage)
             ... on level 4 of the Dungeon.
             The game lasted 00:08:53 (1417 turns).

M4edhros the Insei (Octopode Necromancer)           Turns: 1417, Time: 00:08:54

Health: -9/32      AC:  1    Str:  7    XL:     6   Next: 12%
Magic:  4/9        EV: 12    Int: 16    God:
Gold:   17         SH:  4    Dex: 14    Spells: 2 memorised, 5 levels left

rFire  . . .     SeeInvis .     f - +1 dagger (speed)
rCold  . . .     Gourm    .     (no shield)
rNeg   . . .     Faith    .     (helmet restricted)
rPois  .         Spirit   .     t - +4 amulet of reflection
rElec  .         Dismiss  .     p - ring of resist corrosion
rCorr  +         Reflect  +     (no ring)
SustAt .         Harm     .     (no ring)
MR     .....                    (no ring)
Stlth  +++.......               (no ring)
                                (no ring)
                                (no ring)
                                (no ring)

@: very slightly contaminated, not resistant to hostile enchantments, fairly
stealthy
A: almost no armour, amphibious, 8 rings, constrict 8, antennae 1, camouflage 1,
dopey 1, frail 1, gelatinous body 1
a: no special abilities


You were on level 4 of the Dungeon.
You were near starving.

You visited 1 branch of the dungeon, and saw 5 of its levels.

You collected 44 gold pieces.
You spent 27 gold pieces at shops.

Inventory:

Hand Weapons
 f - a +1 dagger of speed (weapon)
 q - a +2 short sword of draining
 r - a +0 halberd
Missiles
 h - 38 stones (quivered)
 j - 24 sling bullets
Jewellery
 p - a ring of resist corrosion (left tentacle)
 t - a +4 amulet of reflection (around mantle)
Scrolls
 c - 2 scrolls of teleportation
 d - a scroll of identify
 e - 2 scrolls of random uselessness
 m - a scroll of immolation
Potions
 g - a potion of flight
 i - a potion of might
 k - a potion of invisibility
 s - a potion of resistance
 u - a potion of beneficial mutation
 v - a potion of ambrosia
Books
 a - a book of Necromancy

   Spells                             Type                      Level
   a - Pain                           Necromancy                   1
   b - Animate Skeleton               Necromancy                   1
   c - Vampiric Draining              Necromancy                   3
   d - Regeneration                   Charms/Necromancy            3
   e - Animate Dead                   Necromancy                   4
   f - Control Undead                 Necromancy                   4
Comestibles
 b - 2 bread rations
 l - 2 meat rations
 n - a royal jelly
 o - 2 beef jerkies


   Skills:
 - Level 2.0 Dodging
 - Level 2.6 Stealth
 + Level 5.8 Unarmed Combat
 - Level 2.0 Spellcasting
 - Level 4.0 Necromancy


You had 5 spell levels left.
You knew the following spells:

 Your Spells              Type           Power        Failure   Level  Hunger
a - Pain                  Necr           ##..         4%          1    #......
b - Regeneration          Chrm/Necr      #.........   28%         3    ###....


Dungeon Overview and Level Annotations

Branches:
Dungeon (5/15)
 Temple: D:4-7

Altars:
Ashenzari
Makhleb

Shops:
D:5 !!(


Innate Abilities, Weirdness & Mutations

You cannot wear most types of armour.
You are amphibious.
You can wear up to eight rings at the same time.
You can use your tentacles to constrict eight enemies at once.
Your skin changes colour to match your surroundings (Stealth).
Your rubbery body absorbs attacks (AC +1).
You have a pair of small antennae on your head.
You are dopey. (Int -2)
You are frail (-10% HP).


Message History

The iguana closely misses you.
Drink which item? (? for menu, Esc to quit)
Okay, then.
You aren't carrying any items that you can evoke without wielding.
Read which item? (? for menu, Esc to quit)
Okay, then.
Casting: Regeneration
Confirm with . or Enter, or press ? or * to list all spells.
Aiming: Pain
Press: ? - help, Shift-Dir - straight line, f/p - iguana
Aim: an iguana (heavily wounded, chance to defeat MR: 79%)
Okay, then.
The iguana bites you.
There is a stone staircase leading up here.
You climb upwards.
The orc warrior hits you with a hand axe!
* * * LOW HITPOINT WARNING * * *
The orc warrior hits you with a hand axe!
Ouch! That really hurt!
You die...

#.#....#.#......#
#.#....#.#.#....#
##.#....#.#.#....#
#.........#.#....#
#...........#....#
#############....#############
.........................
.#######.#.###.........##
#....@o.....o.........
#.....#.###.#.....#.##
#.....#.###.#.###.#.#
#.....#.......# #.#.#
#####.#####+### #....
#......##########
#......#.......#
#......#.♣.♣.♣.#
#......#.......#


You could see an orc warrior and an orc (wandering).

Vanquished Creatures
  A centaur (D:5)
  Robin (D:3)
  4 gnolls
  4 adders
  A shadow imp (D:5)
  An ooze (D:5)
  An adder zombie (D:4)
  A worm (D:2)
  A dart slug (D:1)
  A giant gecko (D:2)
  9 giant cockroaches
  9 goblins
  5 hobgoblins
  4 jackals (D:3)
  6 kobolds
  2 quokkas (D:4)
  8 bats
  2 giant newts
  6 rats
67 creatures vanquished.

Notes
Turn   | Place    | Note
--------------------------------------------------------------
     0 | D:1      | M4edhros the Octopode Necromancer began the quest for the Orb.
     0 | D:1      | Reached XP level 1. HP: 11/11 MP: 3/3
    39 | D:1      | Reached skill level 1 in Unarmed Combat
    75 | D:1      | Reached XP level 2. HP: 6/17 MP: 1/5
   133 | D:1      | Reached skill level 2 in Unarmed Combat
   156 | D:1      | Found a shattered altar of Ashenzari.
   360 | D:1      | Reached XP level 3. HP: 6/21 MP: 4/6
   365 | D:1      | Learned a level 3 spell: Regeneration
   404 | D:1      | Reached skill level 3 in Unarmed Combat
   575 | D:2      | Found a faded altar to an unknown god.
   582 | D:2      | Reached XP level 4. HP: 26/27 MP: 3/7
   602 | D:2      | Found a burning altar of Makhleb.
   702 | D:3      | Reached skill level 4 in Unarmed Combat
   753 | D:3      | Reached XP level 5. HP: 28/31 MP: 8/8
   754 | D:3      | Noticed Robin
   762 | D:3      | Killed Robin
  1045 | D:4      | Noticed an orc warrior
  1064 | D:5      | Entered Level 5 of the Dungeon
  1067 | D:5      | Found Jiothrynue's Distillery.
  1067 | D:5      | Found Ucih's Weapon Emporium.
  1069 | D:5      | Noticed a centaur
  1086 | D:5      | Killed a centaur
  1086 | D:5      | Reached skill level 5 in Unarmed Combat
  1086 | D:5      | Reached XP level 6. HP: 9/36 MP: 5/9
  1106 | D:5      | Bought a potion of mutation for 27 gold pieces
  1106 | D:5      | Gained mutation: You are dopey. (Int -2) [potion of mutation]
  1106 | D:5      | Gained mutation: You are frail (-10% HP). [potion of mutation]
  1106 | D:5      | Gained mutation: You have a pair of small antennae on your head. [potion of mutation]
  1249 | D:5      | Found Oruy's Distillery.
  1417 | D:4      | Mangled by an orc warrior

Vault maps used:
D:1:      onia_arrival_larder, st_stairs_4, ashenzari_altar_1
D:2:      old_standard_altar, ecumenical_altar_2
D:3:      zin_treasury, first_bread, uniq_robin
D:4:      lemuel_crystal_altar, fedhas_bush_and_centaur_altar,
          minmay_temple_entry_butterflies, grunt_ministairs_3, uniq_sigmund
D:5:      nicolae_dithmenos_the_darkroom, serial_shops, shop,
          nicolae_shop_statue_plus, nicolae_shop_temple_entry_statues_fountains,
          shop_statue, portal_sewer_entry_f

Skill      XL: |  1  2  3  4  5 |
---------------+----------------+-----
Unarmed Combat | 1 2 3 4 5 |  5.8
Dodging        | |  2.0
Stealth        | |  2.6
Spellcasting   | |  2.0
Necromancy     | |  4.0

Action                   |  1- 3 |  4- 6 || total
-------------------------+-------+-------++-------
Melee: Unarmed           |    31 |       ||    31
       Tentacles         |     6 |    10 ||    16
       Constrict         |     8 |    20 ||    28
       Dagger            |    17 |    71 ||    88
       Short sword       |       |     9 ||     9
       Punch             |       |     5 ||     5
 Cast: Pain              |    32 |    12 ||    44
       Regeneration      |     2 |     6 ||     8
  Use: Potion            |     2 |     4 ||     6
       Scroll            |       |     9 ||     9
 Stab: Sleeping          |     4 |     6 ||    10
  Eat: Chunk             |     1 |     2 ||     3
Armor: Skin              |     9 |     4 ||    13
Dodge: Dodged            |    36 |    34 ||    70
Block: Other             |       |     4 ||     4
